 Dungeon Crawl Stone Soup version 0.31-a0-182-gc5ef74bbde (webtiles) character file.

Game seed: 10274193596287565797

7252 Maxmaps the Protected (level 10, 0/83 HPs)
             Began as a Demonspawn Reaver on June 20, 2023.
             Was an Initiate of Gozag.
             Killed from afar by Lodul (20 damage)
             ... with a bolt of lightning
             ... on level 10 of the Dungeon.
             The game lasted 00:12:43 (9743 turns).

Maxmaps the Protected (Demonspawn Reaver)           Turns: 9743, Time: 00:12:43

Health: 0/83       AC: 19    Str:  7    XL:     10   Next: 88%
Magic:  0/13       EV:  4    Int: 21    God:    Gozag
Gold:   1310       SH: 10    Dex: 12    Spells: 12/13 levels left

rFire   . . .        d - +2 demon blade (drain)
rCold   . . .        j - +0 kite shield
rNeg    . . .        y - +3 chain mail of Jigsaw {+Inv rCorr Str-5 Int+2}
rPois   +            A - +0 helmet
rElec   .            B - +0 cloak
rCorr   +            C - +0 pair of gloves
SInv    +            G - +0 pair of boots
Will    .....        E - amulet of regeneration Stlth
                     t - ring of poison resistance
HPRegen 1.13/turn    v - ring of see invisible
MPRegen 0.26/turn

%: guardian spirit
@: no status effects
A: repulsion field 1, spiny 1, magic shield, magic regeneration
a: Renounce Religion, Evoke Invisibility, Potion Petition, Call Merchant, Bribe
Branch


You were on level 10 of the Dungeon.
You worshipped Gozag.
Gozag was most pleased with you.
You visited 2 branches of the dungeon, and saw 11 of its levels.
You also visited: Sewer.

You collected 1430 gold pieces.
You paid 120 gold pieces to Gozag.

Inventory:

Hand Weapons
 a - a +0 falchion of flaming
 d - a +2 demon blade of draining (weapon)
 r - the +1 dagger "Qotz" {heavy, Stlth+}
   (You found it on level 2 of the Dungeon)

   Stlth:     It makes you more stealthy.
Missiles
 h - 5 throwing nets
Armour
 b - a +0 leather armour
 i - a +0 ring mail of willpower
 j - a +0 kite shield (worn)
 y - the +3 chain mail of Jigsaw (worn) {+Inv rCorr Str-5 Int+2}
   (You found it on level 3 of the Dungeon)

   Str:       It affects your strength (-5).
   Int:       It affects your intelligence (+2).
   +Inv:      It lets you turn invisible.
   rCorr:     It protects you from acid and corrosion.
 A - a +0 helmet (worn)
 B - a +0 cloak (worn)
 C - a +0 pair of gloves (worn)
 G - a +0 pair of boots (worn)
Jewellery
 e - a ring of ice
 n - a ring of protection from cold
 q - a +6 ring of intelligence
 t - a ring of poison resistance (left hand)
 v - a ring of see invisible (right hand)
 D - a ring of resist corrosion
 E - an amulet of regeneration (around neck)
 H - the ring "Vatogaits" {rF+ Int+6}
   (You found it on level 7 of the Dungeon)

   [ring of intelligence]

   Int:       It affects your intelligence (+6).
   rF:        It protects you from fire.
Wands
 I - a wand of flame (30)
 M - a wand of iceblast (1)
Scrolls
 o - 2 scrolls of amnesia
 p - 3 scrolls of brand weapon
 s - a scroll of vulnerability
 z - 7 scrolls of teleportation
 F - a scroll of poison
 J - a scroll of enchant weapon
 N - a scroll of identify
Potions
 c - a potion of attraction
 f - 2 potions of curing
 g - a potion of lignification {unknown}
 k - 3 potions of magic
 l - 4 potions of enlightenment
 m - 3 potions of might
 u - a potion of heal wounds
 w - 6 potions of mutation
 x - 3 potions of degeneration
 K - 2 potions of berserk rage {unknown}
 L - a potion of haste {unknown}


   Skills:
 - Level 9.0 Fighting
 - Level 5.2 Long Blades
 - Level 9.1 Armour
 - Level 1.7 Dodging
 + Level 8.3 Shields
 - Level 2.0 Spellcasting
 - Level 3.0 Conjurations


You had 12 spell levels left.
You knew the following spells:

 Your Spells              Type           Power      Damage    Failure   Level
a - Kiss of Death         Conj/Necr      32%        2d7       100%        1

Your spell library contained the following spells:

 Spells                   Type           Power      Damage    Failure   Level
 Apportation              Tloc           4%         N/A       100%        1
 Blink                    Tloc           4%         N/A       100%        2
 Momentum Strike          Conj/Tloc      16%        3d8       100%        2
 Sublimation of Blood     Necr           2%         N/A       100%        2
 Hailstorm                Conj/Ice       8%         3d4       100%        3
 Ignite Poison            Fire/Tmut/Pois 2%         N/A       100%        3
 Inner Flame              Hex/Fire       2%         N/A       100%        3
 Animate Armour           Summ/Erth      4%         N/A       100%        4
 Flame Wave               Conj/Fire      8%         2d5       100%        4
 Manifold Assault         Tloc           2%         N/A       100%        4
 Petrify                  Tmut/Erth      2%         N/A       100%        4
 Sticky Flame             Conj/Fire      8%         2d3       100%        4
 Summon Lightning Spire   Summ/Air       2%         N/A       100%        4
 Alistair's Intoxication  Tmut/Pois      1%         N/A       100%        5
 Blade Hands              Tmut           1%         N/A       100%        5
 Irradiate                Conj/Tmut      4%         3d13      100%        5
 Storm Form               Tmut/Air       1%         N/A       100%        7
 Ignition                 Fire           1%         3d3       100%        8


Dungeon Overview and Level Annotations

Branches:
Dungeon (10/15)            Temple (1/1) D:6            Lair (0/5) D:9
  Sewer (visited)
    Orc: D:9-12

Altars:
Ashenzari
Cheibriados
Dithmenos
Fedhas
Gozag
Hepliaklqana
Kikubaaqudgha
Makhleb
Nemelex Xobeh
Okawaru
Qazlal
Ru
Sif Muna
Trog
Uskayaw
Vehumet
Wu Jian
Xom
Yredelemnul

Shops:
D:10 :

Annotations:
D:10 Lodul


Innate Abilities, Weirdness & Mutations

You are surrounded by a mild repulsion field. (EV +2)
You are partially covered in sharp spines.
When hurt, damage is shared between your health and your magic reserves.
You regenerate magic rapidly.


Message History

Done exploring.
No target in view!
(D) Dungeon (T) Temple (L) Lair
Where to? (Enter - D:10, ? - help)
Okay, then.
(D) Dungeon (T) Temple (L) Lair
Where to? (Enter - D:10, ? - help)
What level of the Dungeon? (default 1, ? - help)
There is an escape hatch in the floor here.
There is an open door here.
There is an open door here.
There is a stone staircase leading down here.
An ogre is nearby!
An ogre is nearby!
An ogre is nearby!
The ogre shouts!
You hear a shout! x3
Lodul shouts!
The ogre shouts!
Electricity crackles from Lodul's apparatus.
The bolt of lightning hits you!! The ogre barely misses you.
You slash the ogre! You drain the ogre.
The ogre is severely wounded.
You block the ogre's attack.
Electricity crackles from Lodul's apparatus.
The bolt of lightning hits you!!
Unknown command.
Electricity crackles from Lodul's apparatus.
The bolt of lightning hits you! The ogre is struck by your spines.
The ogre hits you with a +0 giant club.
Electricity crackles from Lodul's apparatus.
The bolt of lightning hits you!
There is a stone staircase leading down here.
Electricity crackles from Lodul's apparatus.
The bolt of lightning hits you!
* * * LOW HITPOINT WARNING * * *
The ogre shouts!
Electricity crackles from Lodul's apparatus.
The bolt of lightning hits you!!
You die...
Your body crumbles into a pile of gold.

.........#....#.....#......#.....
.........#...########......#.....
.........#...#......#......#.....
.........#'###......####'###...).
######...........................
#....#...............O...........
#....#.................O.........
#....'..........OOOO.............
######..........@.OO.O......#####
#....###############........#....
#..................'........#....
#..................#........#....
'..................#........'....
####################........#####
# ##########


You could see Lodul and 8 ogres.

Vanquished Creatures
  A two-headed ogre (D:10)
  An ugly thing (D:10)
  A troll (D:10)
  A wraith (D:8)
  A wyvern (D:9)
  15 yaks
  A shadow (D:9)
  2 steam dragons (D:8)
  An orc warrior (D:9)
  Pargi (Sewer)
  2 ogres
  4 centaurs
  2 kobold brigands
  4 bullfrogs
  A scorpion (D:5)
  8 wights
  9 killer bees
  3 electric eels (D:10)
  5 howler monkeys
  A hound (D:6)
  2 jellies
  An orc priest (D:10)
  3 gnoll boudas
  2 iguanas
  A sleepcap (D:6)
  Jessica (D:3)
  8 orc wizards
  18 gnolls
  6 adders
  2 white imps
  An ufetubus (D:7)
  3 worms
  5 dart slugs
  25 orcs
  5 endoplasms
  9 giant cockroaches
  10 goblins
  7 hobgoblins
  5 jackals
  2 quokkas
  11 ball pythons
  5 frilled lizards
  33 kobolds
  11 rats
240 creatures vanquished.

Vanquished Creatures (others)
  2 orc wizards
2 creatures vanquished.

Grand Total: 242 creatures vanquished

Notes
Turn   | Place    | Note
-------+----------+-------------------------------------------
     0 | D:1      | Maxmaps the Demonspawn Reaver began the quest for the Orb.
     0 | D:1      | Reached XP level 1. HP: 16/16 MP: 3/3
    92 | D:1      | Gained mutation: You regenerate magic rapidly. [demonic
                  | ancestry]
    92 | D:1      | Reached XP level 2. HP: 15/22 MP: 5/5
   729 | D:1      | Gained mutation: You are partially covered in sharp spines.
                  | [demonic ancestry]
   729 | D:1      | Reached XP level 3. HP: 23/23 MP: 6/6
   846 | D:2      | You fall into a shaft and drop 1 floor!
  1082 | D:2      | Found a burning altar of Makhleb.
  1174 | D:2      | Identified the +1 dagger "Qotz" {heavy, Stlth+}
  1684 | D:3      | Reached XP level 4. HP: 33/33 MP: 7/7
  1695 | D:3      | Noticed Jessica
  1699 | D:3      | Killed Jessica
  1715 | D:3      | Reached skill level 5 in Long Blades
  1807 | D:3      | Identified the +3 chain mail of Jigsaw {+Inv rCorr Str-5
                  | Int+2}
  2000 | D:3      | Gained mutation: When hurt, damage is shared between your
                  | health and your magic reserves. [demonic ancestry]
  2000 | D:3      | Reached XP level 5. HP: 38/38 MP: 8/8
  2058 | D:4      | Identified a scroll of acquirement
  2058 | D:4      | Acquired a +1 demon blade of draining
  2070 | D:4      | Reached skill level 1 in Armour
  2180 | D:4      | Found a glowing drain.
  2195 | Sewer    | Entered a sewer
  2227 | Sewer    | Noticed Pargi
  2237 | Sewer    | Killed Pargi
  2238 | Sewer    | Reached XP level 6. HP: 40/44 MP: 6/9
  3024 | D:4      | Reached XP level 7. HP: 52/52 MP: 10/10
  3355 | D:5      | Entered Level 5 of the Dungeon
  3500 | D:5      | Found a shimmering blue altar of Sif Muna.
  3500 | D:5      | Found an ancient bone altar of Kikubaaqudgha.
  3500 | D:5      | Found a burning altar of Makhleb.
  3820 | D:5      | Found an iron altar of Okawaru.
  4095 | D:5      | Reached skill level 5 in Fighting
  4383 | D:5      | Found a broken altar of Ashenzari.
  4510 | D:6      | Reached skill level 1 in Shields
  4876 | D:6      | Reached XP level 8. HP: 62/62 MP: 11/11
  4903 | D:6      | Found a staircase to the Ecumenical Temple.
  4915 | Temple   | Entered the Ecumenical Temple
  5102 | Temple   | Became a worshipper of Gozag Ym Sagoz the Greedy
  5792 | D:7      | Reached skill level 5 in Shields
  5954 | D:7      | Identified the ring "Vatogaits" {rF+ Int+6}
  6739 | D:8      | Reached skill level 5 in Armour
  6982 | D:8      | Reached XP level 9. HP: 57/68 MP: 12/12
  8374 | D:9      | Found a staircase to the Lair.
  8398 | D:10     | Entered Level 10 of the Dungeon
  8400 | D:10     | Noticed a red ugly thing
  8411 | D:10     | Killed a red ugly thing
  8412 | D:10     | Gained mutation: You are surrounded by a mild repulsion
                  | field. (EV +2) [demonic ancestry]
  8412 | D:10     | Reached XP level 10. HP: 19/74 MP: 3/13
  8664 | D:10     | Noticed a two-headed ogre
  8870 | D:10     | Killed a two-headed ogre
  9094 | D:10     | Noticed Lodul
  9359 | D:10     | Found Ecwuf's Book Shop.
  9743 | D:10     | Killed from afar by Lodul

Illustrated notes

Levels and vault maps discovered:
D:1:      dpeg_arrival_rooms_b, layout_loops_ring, minmay_vboxes
D:2:      layout_rooms, basic_altar
D:3:      layout_loops_ring, uniq_jessica
D:4:      kennysheep_kobold_camp, layout_loops_ring, portal_sewer_entry_b,
          corexii_item_surrounded_by_moat
D:5:      layout_loops_corners, chequers_temple_overflow_statue_of_worship,
          okawaru_altar_gauntlet_db
D:6:      layout_gridville, minmay_temple_entry_trees
D:7:      layout_cave_pods, minmay_misc_feat_tiny
D:8:      layout_gridville
D:9:      layout_loops_cross, lair_entry_dummy
D:10:     argonaut_augean_stables, layout_gridville, serial_shops,
          nicolae_diamond_shop, uniq_lodul
Temple:   bh_familiar_temple

Skill      XL: |  1  2  3  4  5  6  7  8  9 10 |
---------------+-------------------------------+-----
Long Blades    | 3 4 5 |  5.2
Armour         | 3 4 6 9 |  9.1
Fighting       | 3 5 9 |  9.0
Shields        | 3 5 7 8 |  8.3
Dodging        | |  1.7
Spellcasting   | |  2.0
Conjurations   | |  3.0

Action                     |  1- 3 |  4- 6 |  7- 9 | 10-12 || total
---------------------------+-------+-------+-------+-------++-------
  Melee: Falchion          |   132 |    35 |       |       ||   167
         Punch             |     2 |     2 |       |       ||     4
         Demon blade       |       |   100 |   279 |   144 ||   523
   Cast: Kiss of Death     |     2 |       |       |       ||     2
    Use: Scroll            |       |    11 |     8 |     2 ||    21
         Potion            |       |       |     1 |     1 ||     2
   Stab: Distracted        |       |       |     1 |     1 ||     2
 Armour: Leather armour    |    20 |       |       |       ||    20
         Ring mail         |    20 |    11 |       |       ||    31
         Chain mail        |       |    83 |   262 |    97 ||   442
  Dodge: Dodged            |    75 |    36 |    32 |    36 ||   179
  Block: Kite shield       |       |       |   146 |    89 ||   235

Table legend: (Time is in decaauts)
 A = Elapsed time spent in this place.
 B = Non-inter-level travel time spent in this place.
 C = Inter-level travel time spent in this place.
 D = Time resting spent in this place.
 E = Time spent auto-exploring this place.
 F = Levels seen in this place.
 G = Mean time per level.
                   A        B        C        D        E       F      G
               +--------+--------+--------+--------+--------+-----+--------+
         Total |   9930 |   9440 |    490 |    786 |   6794 |  12 |  827.5 |
       Dungeon |   9621 |   9173 |    448 |    786 |   6606 |  10 |  962.1 |
        Temple |    206 |    164 |     42 |      0 |    160 |   1 |  206.0 |
         Sewer |    102 |    102 |      0 |      0 |     27 |   1 |  102.0 |
               +--------+--------+--------+--------+--------+-----+--------+

Top non-repeatable levels by time:
     D:5: 1396 daAuts
    D:10: 1389 daAuts
     D:4: 1209 daAuts
     D:7: 1025 daAuts
     D:8: 994 daAuts
     D:1: 850 daAuts
     D:6: 783 daAuts
     D:3: 760 daAuts
     D:9: 749 daAuts
     D:2: 460 daAuts
  Temple: 206 daAuts
   Sewer: 102 daAuts
